 Dungeon Crawl Stone Soup version 0.29-a0-878-g7b45a56547 (webtiles) character file.

Game seed: 7497401084831277362

23 Malachi the Insei (level 2, 0/33 HPs)
             Began as a Demigod Transmuter on July 20, 2022.
             Succumbed to an adder's poison
             ... on level 2 of the Dungeon.
             The game lasted 00:01:47 (1041 turns).

Malachi the Insei (Demigod Transmuter)              Turns: 1041, Time: 00:01:48

Health: 0/33       AC: 21    Str: 11    XL:     2   Next: 57%
Magic:  7/7        EV:  2    Int: 15    God:
Gold:   76         SH:  0    Dex: 14    Spells: 3/4 levels left

rFire   . . .      SeeInvis .     - Unarmed
rCold   . . .      Faith    .   (no shield)
rNeg    . . .      Spirit   .   (body armour currently unavailable)
rPois   +          Reflect  .   (helmet currently unavailable)
rElec   .          Harm     .   (cloak currently unavailable)
rCorr   .          Rampage  .   (gloves currently unavailable)
Will    +....      NoTele   +   (boots currently unavailable)
Stlth   +.........              (no amulet)
HPRegen 0.11/turn               d - ring of willpower
MPRegen 0.10/turn               g - ring of wizardry

@: lethally poisoned (0 -> -3), tree-form, hasted, very quick
A: stationary, stasis, torment immunity, boosted hp, high MP 1, forlorn, divine
attributes
a: no special abilities


You were on level 2 of the Dungeon.
You were a tree.
You visited 1 branch of the dungeon, and saw 2 of its levels.

You collected 76 gold pieces.

Inventory:

Armour
 a - a +0 robe (melded)
Jewellery
 d - a ring of willpower (left branch)
 g - a ring of wizardry (right branch)
Scrolls
 c - a scroll of poison
 e - a scroll of fog


   Skills:
 - Level 0.8 Fighting
 - Level 1.7 Dodging
 - Level 2.6 Unarmed Combat
 - Level 1.7 Spellcasting
 * Level 2.4 Transmutations
 * Level 1.4 Poison Magic


You had 3 spell levels left.
You knew the following spells:

 Your Spells              Type           Power      Damage    Failure   Level
a - Beastly Appendage     Tmut           16%        N/A       3%          1

Your spell library contained the following spells:

 Spells                   Type           Power      Damage    Failure   Level
 Wereblood                Tmut           8%         N/A       4%          2
 Spider Form              Tmut/Pois      7%         N/A       12%         3
 Ice Form                 Ice/Tmut       5%         N/A       45%         4


Dungeon Overview and Level Annotations

Branches:
Dungeon (2/15)


Innate Abilities, Weirdness & Mutations

You are a tree.
Your roots penetrate the ground, keeping you stationary.
You cannot be teleported.
You are immune to unholy pain and torment.
Your maximum health is greatly increased.
Your equipment is partially melded.
You have an increased reservoir of magic. (+10% MP)
You shall have no god before yourself.
Your divine heritage dramatically boosts your attributes as you level up.


Message History

You hit the adder. You punch the adder.
The adder is heavily wounded.
You feel sick. The adder barely misses you.
The goblin hits you with a +0 dagger.
* * * LOW HITPOINT WARNING * * *
Really quaff the potion of lignification?
Your horns disappear.
Your talons disappear.
You turn into a tree.
Your +0 robe melds into your body.
Your roots penetrate the ground.
* * * LOW HITPOINT WARNING * * *
You feel sick. The adder bites you but does no damage.
Unknown command.
You smack the adder!
You kill the adder!
* * * LOW HITPOINT WARNING * * *
You feel sick. The goblin barely misses you.
You cannot move.
You hit the goblin.
The goblin is moderately wounded.
* * * LOW HITPOINT WARNING * * *
You feel sick.
You smack the goblin!
You kill the goblin!
* * * LOW HITPOINT WARNING * * *
You feel sick.
You cannot move.
You cannot move.
Okay, then.
You aren't carrying any potions.
Unknown command.
There is a lethal amount of poison in your body!
There is a lethal amount of poison in your body!
* * * LOW HITPOINT WARNING * * *
You feel sick.
* * * LOW HITPOINT WARNING * * *
You feel sick.
* * * LOW HITPOINT WARNING * * *
You feel sick.
Unknown command.
You die...

.#..# #####
.#..#? ###...#
#...... ......
....... #...#
.......
#...##.......
#.###.....)......
#........♣†......
#####..##.##....
##.#..# .# # ##
##.#...# .#
.########.###..#
.. .......#.##
##.# ##
.#####..## ##..
.# #.#.# ### .#
#.#..#


There were no monsters in sight!

Vanquished Creatures
  An adder (D:2)
  2 endoplasms (D:1)
  2 giant cockroaches (D:1)
  2 goblins (D:2)
  2 kobolds (D:1)
  2 quokkas (D:1)
  A frilled lizard (D:2)
12 creatures vanquished.

Notes
Turn   | Place    | Note
-------+----------+-------------------------------------------
     0 | D:1      | Malachi the Demigod Transmuter began the quest for the Orb.
     0 | D:1      | Reached XP level 1. HP: 15/15 MP: 5/5
   516 | D:1      | Reached skill level 1 in Poison Magic
   778 | D:1      | Reached XP level 2. HP: 22/22 MP: 5/7
  1040 | D:2      | HP: 1/33 [poisoned by an adder]
  1041 | D:2      | Succumbed to an adder's poison

Illustrated notes

Levels and vault maps discovered:
D:1:      dpeg_arrival_pits, layout_rooms, ebering_ecumenical_altar_petrified
D:2:      layout_loops_ring, basic_altar, kennysheep_generic_room_11,
          uniq_crazy_yiuf_cottage

Skill      XL: |  1 |
---------------+----+-----
Transmutations | 2 |  2.4
Poison Magic   | 1 |  1.4
Fighting       | |  0.8
Dodging        | |  1.7
Unarmed Combat | |  2.6
Spellcasting   | |  1.7

Action                   || total
-------------------------++-------
Melee: Unarmed           ||    36
       Headbutt          ||     3
       Kick              ||     4
       Punch             ||     2
 Cast: Beastly Appendage ||     8
  Use: Scroll            ||     4
       Potion            ||     2
Armor: Robe              ||     7
       Skin              ||     1
Dodge: Dodged            ||    26

Table legend: (Time is in decaauts)
 A = Elapsed time spent in this place.
 B = Non-inter-level travel time spent in this place.
 C = Inter-level travel time spent in this place.
 D = Time resting spent in this place.
 E = Time spent auto-exploring this place.
 F = Levels seen in this place.
 G = Mean time per level.
                   A        B        C        D        E       F      G
               +--------+--------+--------+--------+--------+-----+--------+
         Total |   1034 |   1027 |      7 |    431 |    460 |   2 |  517.0 |
       Dungeon |   1034 |   1027 |      7 |    431 |    460 |   2 |  517.0 |
               +--------+--------+--------+--------+--------+-----+--------+

Top non-repeatable levels by time:
     D:1: 976 daAuts
     D:2: 58 daAuts
